 Dungeon Crawl Stone Soup version 0.30-a0-879-ga8ba668304 (webtiles) character file.

Game seed: 12110363701646236967

1618 Dordric the Trooper (level 9, -4/67 HPs)
             Began as a Djinni Warper on Mar 14, 2023.
             Was an Initiate of Okawaru.
             Slain by an ice beast (13 damage)
             ... on level 4 of the Dungeon.
             The game lasted 00:11:20 (5662 turns).

Dordric the Trooper (Djinni Warper)                 Turns: 5662, Time: 00:11:25

Health: -4/67      AC:  8    Str: 10    XL:     9   Next: 17%
Gold:   151        EV: 12    Int: 15    God:    Okawaru [......] SH:  0 Dex: 17

rFire   + + .      SeeInvis .    A - +0 long sword
rCold   x . .      Faith    .    (no shield)
rNeg    . . .      Spirit   .    m - +3 leather armour
rPois   ∞          Reflect  .    (no helmet)
rElec   .          Rampage  .    j - +0 cloak
rCorr   .                        k - +0 pair of gloves
Will    .....                    (boots unavailable)
Stlth   +                        (no amulet)
HPRegen 0.31/turn                (no ring)
MPRegen 0.00/turn                (no ring)

@: flying
A: sickness immunity, fire resistance 2, cold vulnerability 1, float, innate
caster, HP casting, extra vitality 1
a: Renounce Religion


You were on level 4 of the Dungeon.
You worshipped Okawaru.
Okawaru was noncommittal.
You visited 2 branches of the dungeon, and saw 7 of its levels.

You collected 225 gold pieces.
You spent 74 gold pieces at shops.

Inventory:

Hand Weapons
 a - a +0 falchion
 o - a +0 arbalest
 t - a +3 dagger
 A - a +0 long sword (weapon)
Missiles
 d - 7 boomerangs of dispersal
 s - 3 boomerangs
Armour
 b - a +0 leather armour
 j - a +0 cloak (worn)
 k - a +0 pair of gloves (worn)
 m - a +3 leather armour (worn)
Wands
 f - a wand of flame (18)
 r - a wand of roots (3)
Scrolls
 c - a scroll of blinking
 g - 2 scrolls of fog
 h - 2 scrolls of teleportation
 l - 2 scrolls of vulnerability
 p - a scroll of amnesia
 u - 2 scrolls of immolation
 x - a scroll of enchant weapon
 y - a scroll of magic mapping
 z - a scroll of fear
Potions
 i - a potion of brilliance {unknown}
 n - a potion of lignification
 q - a potion of attraction {unknown}
 v - a potion of curing
 w - a potion of heal wounds


   Skills:
 + Level 6.6 Fighting
 + Level 6.0 Long Blades
 - Level 0.7 Throwing
 - Level 1.0 Armour
 - Level 2.1 Dodging
 + Level 5.4 Spellcasting


You knew the following spells:

 Your Spells              Type           Power      Damage    Failure   Level
a - Blink                 Tloc           40%        N/A       3%          2
b - Lesser Beckoning      Tloc           40%        N/A       3%          2
c - Vhi's Electric Charg  Tloc/Air       40%        N/A       7%          3
d - Teleport Other        Tloc           20%        N/A       7%          3
e - Manifold Assault      Tloc           20%        N/A       22%         4
f - Slow                  Hex            80%        N/A       2%          1
g - Ensorcelled Hibernat  Hex/Ice        40%        N/A       3%          2
h - Swiftness             Air            20%        N/A       7%          3
i - Dazzling Flash        Conj/Hex       40%        N/A       7%          3
Your spell library was empty.

Dungeon Overview and Level Annotations

Branches:
Dungeon (6/15)             Temple (1/1) D:6

Altars:
Dithmenos
Elyvilon
Hepliaklqana
Nemelex Xobeh
Okawaru
Trog
Wu Jian
Xom
Yredelemnul
Zin
The Shining One

Shops:
D:2 (   D:3 :   D:4 *


Innate Abilities, Weirdness & Mutations

You are immune to sickness and miasma.
You are immune to poison.
Your flesh is very heat resistant. (rF++)
You are vulnerable to cold. (rC-)
You float through the air rather than walking.
You learn spells naturally, not from books.
Your magical power is your life essence.
You have superior vitality. (+4 MHP)


Message History

You closely miss the ice beast. The ice beast misses you.
You closely miss the ice beast.
The ice beast hits you but does no damage.
You barely miss the ice beast.
The ice beast hits you but does no damage.
You hit the ice beast.
The ice beast is lightly wounded.
The ice beast hits you but does no damage.
You slash the ice beast! You punch the ice beast.
The ice beast is moderately wounded.
The ice beast hits you but does no damage.
You hit the ice beast.
The ice beast is heavily wounded.
The ice beast closely misses you.
You slash the ice beast!
The ice beast is almost dead.
The ice beast misses you.
You hit the ice beast.
The ice beast is almost dead.
The ice beast hits you but does no damage.
The ice beast misses you.
Casting: Swiftness (dangerous; 7% risk of failure)
Confirm with . or Enter, or press ? or * to list all spells.
Okay, then.
Casting: Swiftness (dangerous; 7% risk of failure)
Confirm with . or Enter, or press ? or * to list all spells.
Casting: Dazzling Flash (dangerous; 7% risk of failure)
Press: ? - help, Dir - look around, f - activate The ice beast misses you.
You closely miss the ice beast.
The ice beast is almost dead.
The ice beast hits you. The ice beast freezes you!
You feel a terrible chill!
* * * LOW HITPOINT WARNING * * *
You closely miss the ice beast.
You punch the ice beast, but do no damage.
The ice beast is almost dead.
The ice beast hits you.
* * * LOW HITPOINT WARNING * * *
The ice beast freezes you!
You feel a terrible chill!
You die...

### ### ###.##########.#
#....#.........# #.#.##.#######.#
##########.#.##.#######.#
.........#.#............#
.#######....####.#...#..#########
.....# #.......#.#.#.#...........
.....# #.....#.#@#...............
.....# #.....#.#Y#...............
.....# #.....#.#z#...............
.....###.#.#.#.#.#...............
.......................>.........
.##........#.#.#.#.#.##..........
.##.........<..#.#.....).......:.
.##............#.###.##.######...
.##..................##.######...


You could see an ice beast and a wight.

Vanquished Creatures
  Pikel (D:3)
  A water moccasin (D:6)
  2 ice beasts (D:5)
  An ogre (D:5)
  4 scorpions
  A wight (D:5)
  A howler monkey (D:5)
  3 jellies
  An orc priest (D:3)
  A gnoll bouda (D:4)
  An iguana (D:4)
  An orc wizard (D:2)
  Natasha (thrice) (D:4)
  Ijyb (D:3)
  5 gnolls
  7 adders
  A worm (D:3)
  2 dart slugs
  13 orcs
  4 bats
  13 endoplasms
  A giant cockroach (D:2)
  7 goblins
  4 hobgoblins
  3 quokkas
  5 ball pythons
  A frilled lizard (D:3)
  5 kobolds
  4 rats
97 creatures vanquished.

Notes
Turn   | Place    | Note
-------+----------+-------------------------------------------
     0 | D:1      | Dordric the Djinni Warper began the quest for the Orb.
     0 | D:1      | Dordric set off with the following spells memorised: Blink,
                  | Lesser Beckoning, Vhi's Electric Charge, Teleport Other,
                  | Manifold Assault.
     0 | D:1      | Reached XP level 1. HP: 18/18 MP: 0/0
   228 | D:1      | Reached XP level 2. HP: 23/23 MP: 0/0
   553 | D:1      | Found a faded altar of an unknown god.
   969 | D:2      | Reached XP level 3. HP: 29/29 MP: 0/0
   969 | D:2      | Learned a level 1 spell: Slow
  1087 | D:2      | Found Ytenoc's Weapon Shoppe.
  1326 | D:2      | Reached XP level 4. HP: 34/34 MP: 0/0
  1713 | D:2      | Bought a +0 heavy shortbow for 74 gold pieces
  1777 | D:2      | Reached XP level 5. HP: 35/40 MP: 0/0
  1777 | D:2      | Learned a level 2 spell: Ensorcelled Hibernation
  1823 | D:3      | Found Ruamyny's Book Boutique.
  1905 | D:3      | Found a white marble altar of Elyvilon.
  1986 | D:3      | Noticed Ijyb
  1995 | D:3      | Killed Ijyb
  2218 | D:4      | Noticed Pikel
  2218 | D:4      | Noticed a lemure
  2218 | D:4      | Noticed a lemure
  2218 | D:4      | Noticed a lemure
  2218 | D:4      | Noticed a lemure
  2251 | D:3      | Killed Pikel
  2252 | D:3      | Reached XP level 6. HP: 27/49 MP: 0/0
  2252 | D:3      | Reached XP level 7. HP: 29/53 MP: 0/0
  2252 | D:3      | Learned a level 3 spell: Swiftness
  2513 | D:4      | Noticed Natasha
  2524 | D:4      | Killed Natasha
  2525 | D:4      | Reached skill level 5 in Fighting
  2681 | D:4      | Found Qivvut's Assorted Antiques.
  2694 | D:4      | Reached XP level 8. HP: 54/59 MP: 0/0
  2780 | D:4      | Noticed Natasha
  2792 | D:4      | Killed Natasha
  3101 | D:4      | Noticed Natasha
  3133 | D:4      | Killed Natasha
  3319 | D:5      | Entered Level 5 of the Dungeon
  3413 | D:5      | Reached skill level 5 in Long Blades
  4144 | D:5      | Found a bloodstained altar of Trog.
  4224 | D:5      | Reached skill level 5 in Spellcasting
  4264 | D:5      | Found a glowing golden altar of the Shining One.
  4613 | D:6      | Reached XP level 9. HP: 64/67 MP: 0/0
  4613 | D:6      | Learned a level 3 spell: Dazzling Flash
  4621 | D:6      | Found a staircase to the Ecumenical Temple.
  4638 | Temple   | Entered the Ecumenical Temple
  4651 | Temple   | Became a worshipper of Warmaster Okawaru
  5662 | D:4      | Slain by an ice beast

Illustrated notes

Levels and vault maps discovered:
D:1:      psy_arrival_conway, layout_basic, dilly_ecumenical_altar_fadedgnrine
D:2:      layout_loops_ring, serial_shops, nicolae_shop_bloodbath_and_beyond
D:3:      layout_rooms, mainiacjoe_overflow_surrounded_room, serial_shops,
          nicolae_shop_statue_plus, uniq_ijyb
D:4:      layout_basic, serial_shops, shop, uniq_pikel, uniq_natasha
D:5:      layout_loops_ring, mainiacjoe_overflow_catwalk, lemuel_tele_altar
D:6:      layout_rooms, minmay_temple_entry_slanted, minmay_ruffians,
          uniq_prince_ribbit1
Temple:   zaba_magenta_temple

Skill      XL: |  1  2  3  4  5  6  7  8  9 |
---------------+----------------------------+-----
Long Blades    | 2 3 4 5 6 |  6.0
Fighting       | 3 4 5 6 |  6.6
Spellcasting   | 3 4 5 |  5.4
Throwing       | |  0.7
Armour         | |  1.0
Dodging        | |  2.1

Action                     |  1- 3 |  4- 6 |  7- 9 || total
---------------------------+-------+-------+-------++-------
  Melee: Falchion          |    73 |       |   109 ||   182
         Punch             |     1 |       |     3 ||     4
         Dagger            |       |       |    82 ||    82
         Long sword        |       |       |    10 ||    10
   Fire: Arbalest          |    11 |    51 |   117 ||   179
         Shortbow          |       |    13 |       ||    13
   Cast: Slow              |     3 |     3 |     9 ||    15
         Blink             |       |     3 |     2 ||     5
         Swiftness         |       |       |    11 ||    11
         Ensorcelled Hiber |       |       |     5 ||     5
         Vhi's Electric Ch |       |       |     5 ||     5
         Dazzling Flash    |       |       |     3 ||     3
  Evoke: Wand              |       |     4 |       ||     4
    Use: Potion            |       |     4 |       ||     4
         Scroll            |       |       |     8 ||     8
   Stab: Sleeping          |     1 |       |     2 ||     3
         Invisible         |       |       |     1 ||     1
 Armour: Leather armour    |    28 |    23 |   101 ||   152
         Skin              |       |     6 |       ||     6
  Dodge: Dodged            |    39 |    29 |   177 ||   245

Table legend: (Time is in decaauts)
 A = Elapsed time spent in this place.
 B = Non-inter-level travel time spent in this place.
 C = Inter-level travel time spent in this place.
 D = Time resting spent in this place.
 E = Time spent auto-exploring this place.
 F = Levels seen in this place.
 G = Mean time per level.
                   A        B        C        D        E       F      G
               +--------+--------+--------+--------+--------+-----+--------+
         Total |   5849 |   5681 |    168 |      0 |   4341 |   7 |  835.6 |
       Dungeon |   5820 |   5652 |    168 |      0 |   4336 |   6 |  970.0 |
        Temple |     28 |     28 |      0 |      0 |      5 |   1 |   28.0 |
               +--------+--------+--------+--------+--------+-----+--------+

Top non-repeatable levels by time:
     D:4: 1922 daAuts
     D:5: 1341 daAuts
     D:1: 972 daAuts
     D:2: 821 daAuts
     D:3: 682 daAuts
     D:6: 79 daAuts
  Temple: 28 daAuts
